 Dungeon Crawl Stone Soup version 0.30.1-4-g462c640d31 (webtiles) character file.

Game seed: 4959076852365832250

585 boopmooplesden the Covered (level 7, -8/63 HPs)
             Began as an Armataur Fighter on Sept 17, 2023.
             Mangled by an ice beast (11 damage)
             ... on level 5 of the Dungeon.
             The game lasted 00:05:02 (3425 turns).

boopmooplesden the Covered (Armataur Fighter)       Turns: 3425, Time: 00:05:03

Health: -8/63      AC: 11    Str: 24    XL:     7   Next: 15%
Magic:  7/7        EV:  5    Int:  8    God:
Gold:   267        SH:  4    Dex:  9    Spells: 6/6 levels left

rFire   + . .        a - +1 war axe (heavy)
rCold   . . .        c - +0 buckler
rNeg    . . .        j - +1 plate armour
rPois   .            (no helmet)
rElec   .            (no cloak)
rCorr   .            (no gloves)
SInv    .            (no barding)
Will    .....        (no amulet) Stlth
                     l - ring of protection from fire
HPRegen 0.30/turn    (no ring)
MPRegen 0.10/turn

%: roll
@: mighty
A: large, rugged brown scales 3, deformed body, armoured tail, roll, long
tongue, awkward tongue
a: no special abilities


You were on level 5 of the Dungeon.
You visited 1 branch of the dungeon, and saw 5 of its levels.

You collected 267 gold pieces.

Inventory:

Hand Weapons
 a - a +1 heavy war axe (weapon)
Armour
 b - a +0 scale mail
 c - a +0 buckler (worn)
 j - a +1 plate armour (worn)
 m - the +0 scale mail "Vamur" {-Tele Will+ Dex+5}
   (You found it on level 5 of the Dungeon)

   Dex:       It affects your dexterity (+5).
   -Tele:     It prevents most forms of teleportation.
   Will:      It increases your willpower.
Jewellery
 l - a ring of protection from fire (left hand)
Wands
 u - a wand of flame (6)
Scrolls
 n - a scroll of magic mapping
 r - 3 scrolls of identify
Potions
 e - 3 potions of brilliance {unknown}
 f - a potion of curing
 g - 2 potions of attraction
 i - a potion of flight {unknown}
 k - 3 potions of heal wounds {unknown}
 o - a potion of degeneration {unknown}
 p - a potion of mutation {unknown}
 q - a potion of invisibility {unknown}
 t - a potion of resistance {unknown}


   Skills:
 + Level 4.0 Fighting
 + Level 4.4 Axes
 + Level 5.3 Armour
 + Level 1.2 Dodging
 + Level 4.4 Shields


You had 6 spell levels left.
You didn't know any spells.
Your spell library contained the following spells:

 Spells                   Type           Power      Damage    Failure   Level
 Beastly Appendage        Tmut           0%         N/A       100%        1
 Kiss of Death            Conj/Necr      0%         2d5       100%        1
 Summon Small Mammal      Summ           0%         N/A       100%        1
 Ensorcelled Hibernation  Hex/Ice        0%         N/A       100%        2
 Passwall                 Tmut/Erth      0%         N/A       100%        2
 Wereblood                Tmut           0%         N/A       100%        2
 Call Canine Familiar     Summ           0%         N/A       100%        3
 Confusing Touch          Hex            0%         N/A       100%        3
 Dazzling Flash           Conj/Hex       0%         N/A       100%        3
 Spider Form              Tmut/Pois      0%         N/A       100%        3
 Summon Guardian Golem    Hex/Summ       0%         N/A       100%        3
 Swiftness                Air            0%         N/A       100%        3
 Volatile Blastmotes      Fire/Tloc      0%         2d10      100%        3
 Dispel Undead            Necr           0%         3d6       100%        4
 Iskenderun's Mystic Bla  Conj/Tloc      0%         2d3       100%        4
 Starburst                Conj/Fire      0%         6d3       100%        6


Dungeon Overview and Level Annotations

Branches:
Dungeon (5/15)
 Temple: D:4-7

Altars:
Fedhas
Kikubaaqudgha


Innate Abilities, Weirdness & Mutations

You are completely covered in rugged brown scales. (AC +3, +7% HP)
Armour fits poorly on your strangely shaped body.
You have a long armoured tail.
You roll when moving toward enemies. (Rampage)
Your long tongue fully drains potion bottles. (2x potion effects)
Your tongue gives you trouble enunciating. (1.5x scroll delay)


Message History

The ice beast is severely wounded.
You barely miss the adder. You slice the gnoll!!
You kill the gnoll!
Your surroundings seem slightly different.
Found 12 gold pieces.
The orc completely misses you. You block the gnoll's attack.
The jelly hits you but does no damage. The gnoll barely misses you.
You block the orc's attack. The jelly hits you but does no damage.
You block the orc's attack.
The gnoll hits you from afar with a +0 spear.
The jelly barely misses you.
Found a pair of gloves.
You slash the jelly!
Your hands burn!
You tail-slap the jelly.
You kill the jelly!
The orc hits you from afar with a +0 trident.
Your Fighting skill increases to level 4!
Found 9 gold pieces.
You roll towards the orc!
You slice the orc!!
You kill the orc!
The hound bites you but does no damage. The hound bites you.
You miss the hound. The hound bites you. The hound closely misses you.
A magic dart appears from out of thin air!
The magic dart hits you. The hound bites you.
You slice the hound!!
You kill the hound!
The gnoll hits you from afar with a +0 spear.
* * * LOW HITPOINT WARNING * * *
Something hits you.
* * * LOW HITPOINT WARNING * * *
The orc priest invokes the aid of Beogh against you.
Beogh smites you!
* * * LOW HITPOINT WARNING * * *
The ice beast hits you but does no damage.
You barely miss something. You tail-slap something!
Reactivating autopickup.
You feel a bit more experienced.
You barely miss the ice beast. The gnoll hits you but does no damage.
The ice beast hits you.
* * * LOW HITPOINT WARNING * * *
The ice beast freezes you!
You die...

#.........###.o.#
#.............oo# #
#...S....##..l.Y###
#
#..Ssg...######s..#
# ####o###.#
###Y### #.# #.g#
##...# #g#
#sgS#####..... #Y#
#h#Yol.l#..... #@#
#S.####{o..... #o#
##.#####......
#...$............<.
##.####.######.....
#.. #.# ###......
#.. #.# #........
#..# #.###.####[.#
##..###.##..# ##.#
...........## #..


You could see an ice beast, a scorpion, an orc priest, 2 gnolls, 2 adders and an
orc.

Vanquished Creatures
  A phantom (D:4)
  4 scorpions
  A hound (D:5)
  2 jellies
  An orc wizard (D:5)
  6 gnolls (D:5)
  4 adders
  A white imp (D:5)
  2 worms
  A dart slug (D:2)
  9 orcs
  5 ball pythons
  4 endoplasms
  4 giant cockroaches
  9 goblins
  4 hobgoblins
  8 jackals
  2 quokkas
  8 bats
  6 frilled lizards
  6 kobolds
  7 rats
95 creatures vanquished.

Notes
Turn   | Place    | Note
-------+----------+-------------------------------------------
     0 | D:1      | boopmooplesden the Armataur Fighter began the quest for the
                  | Orb.
     0 | D:1      | Reached XP level 1. HP: 19/19 MP: 1/1
   195 | D:1      | Reached XP level 2. HP: 20/26 MP: 2/2
  1017 | D:2      | Reached XP level 3. HP: 32/32 MP: 3/3
  1057 | D:2      | Reached skill level 4 in Armour
  1248 | D:2      | Reached skill level 1 in Dodging
  1248 | D:2      | Reached XP level 4. HP: 30/40 MP: 4/4
  2485 | D:3      | Found an ancient bone altar of Kikubaaqudgha.
  2786 | D:4      | Noticed a scorpion
  2792 | D:4      | Killed a scorpion
  2793 | D:4      | Reached XP level 5. HP: 38/48 MP: 5/5
  2961 | D:4      | Found a blossoming altar of Fedhas.
  3024 | D:4      | Noticed a phantom
  3029 | D:4      | Killed a phantom
  3030 | D:4      | Reached XP level 6. HP: 45/54 MP: 6/6
  3198 | D:5      | Entered Level 5 of the Dungeon
  3239 | D:5      | Reached skill level 5 in Armour
  3366 | D:5      | Identified the +0 scale mail "Vamur" {-Tele Will+ Dex+5}
  3384 | D:5      | Noticed an ice beast
  3402 | D:5      | Reached XP level 7. HP: 50/62 MP: 7/7
  3425 | D:5      | HP: 3/63 [ice beast (2)]
  3425 | D:5      | Mangled by an ice beast

Illustrated notes

Levels and vault maps discovered:
D:1:      tarquinn_simple_flora_water_d, layout_loops_corners,
          minmay_split_cup_small
D:2:      layout_basic, chequers_serial_rivers_micro_c
D:3:      layout_rooms, lemuel_doored_altar
D:4:      layout_cave_pools, fedhas_altar_fruit_tree, serial_bayou_lagoon_a
D:5:      layout_rooms, minmay_bent

Skill      XL: |  1  2  3  4  5  6  7 |
---------------+----------------------+-----
Axes           | 2 3 4 |  4.4
Armour         | 4 5 |  5.3
Fighting       | 3 4 |  4.0
Dodging        | 1 |  1.2
Shields        | 4 |  4.4

Action                     |  1- 3 |  4- 6 |  7- 9 || total
---------------------------+-------+-------+-------++-------
  Melee: War axe           |    98 |    86 |     8 ||   192
         Tailslap          |     6 |     6 |     2 ||    14
    Use: Scroll            |     4 |     8 |     1 ||    13
         Potion            |       |     1 |     2 ||     3
 Armour: Scale mail        |    23 |       |       ||    23
         Plate armour      |    97 |   100 |    33 ||   230
  Dodge: Dodged            |    39 |    22 |     7 ||    68
  Block: Buckler           |    40 |    39 |    10 ||    89
